 Dungeon Crawl Stone Soup version 0.31-a0-23-gcbde74481b (webtiles) character file.

Game seed: 4732321666393848728

1556 BlueFish the Trooper (level 8, -3/73 HPs)
             Began as a Black Draconian Delver on May 14, 2023.
             Slain by a wyvern (13 damage)
             ... on level 7 of the Dungeon.
             The game lasted 00:13:56 (5826 turns).

BlueFish the Trooper (Black Draconian Delver)       Turns: 5826, Time: 00:13:56

Health: -3/73      AC:  8    Str: 14    XL:     8   Next: 58%
Magic:  11/11      EV: 13    Int: 13    God:
Gold:   304        SH:  0    Dex: 13    Spells: 11/11 levels left

rFire   . . .        D - +2 hand axe (elec)
rCold   . . .        (no shield)
rNeg    + . .        (body armour unavailable)
rPois   .            (helmet restricted)
rElec   +            (no cloak)
rCorr   .            k - +1 pair of gloves
SInv    +            (no boots)
Will    .....        (no amulet)
Stlth   +++          g - ring of positive energy
HPRegen 0.32/turn    o - ring of see invisible
MPRegen 0.12/turn

%: no passive effects
@: no status effects
A: breathe lightning, AC +6, unfitting armour, electricity resistance,
cold-blooded
a: Breathe Lightning


You were on level 7 of the Dungeon.
You visited 1 branch of the dungeon, and saw 7 of its levels.

You collected 304 gold pieces.

Inventory:

Hand Weapons
 a - a +0 short sword
 q - a +0 short sword of flaming
 D - a +2 hand axe of electrocution (weapon)
Missiles
 y - a throwing net (quivered)
Armour
 k - a +1 pair of gloves (worn)
Jewellery
 g - a ring of positive energy (left hand)
 o - a ring of see invisible (right hand)
 A - a ring of flight
 C - a ring of ice
Wands
 f - a wand of digging (10)
 h - a wand of roots (2)
Scrolls
 b - 2 scrolls of fog
 c - a scroll of magic mapping
 d - 3 scrolls of fear
 i - a scroll of immolation
 j - a scroll of brand weapon
 n - a scroll of teleportation
 r - a scroll of noise {unknown}
 t - a scroll of summoning {unknown}
 v - a scroll of poison {unknown}
 w - a scroll of enchant armour
Potions
 e - 2 potions of haste
 l - a potion of might
 m - 2 potions of brilliance
 p - a potion of lignification
 s - a potion of mutation {unknown}
 u - 2 potions of flight
 x - a potion of ambrosia
 z - 2 potions of invisibility
 B - a potion of curing {unknown}


   Skills:
 * Level 7.4 Fighting
 - Level 3.6 Short Blades
 + Level 2.3 Axes
 + Level 4.1 Dodging
 + Level 6.3 Stealth
 + Level 2.2 Spellcasting
 + Level 3.9 Evocations


You had 11 spell levels left.
You didn't know any spells.
Your spell library contained the following spells:

 Spells                   Type           Power      Damage    Failure   Level
 Cigotuvi's Dreadful Rot  Necr/Pois/Air  2%         N/A       36%         2
 Cause Fear               Hex            0%         N/A       94%         4
 Dragon Form              Tmut           0%         N/A       100%        7
 Dragon's Call            Summ           0%         N/A       100%        9


Dungeon Overview and Level Annotations

Branches:
Dungeon (7/15)             Temple (0/1) D:4

Altars:
Elyvilon
Fedhas
Makhleb
Okawaru
Sif Muna
Trog
Xom
Yredelemnul
Zin
The Shining One

Annotations:
D:3 3 runed translucent doors, oldplebian's ghost, weakling OpCj


Innate Abilities, Weirdness & Mutations

You can breathe wild blasts of lightning.
Your glossy black scales are hard. (AC +6)
You cannot fit into any form of body armour.
You are resistant to electric shocks. (rElec)
You are cold-blooded and may be slowed by cold attacks.


Message History

You hit the kobold brigand.
Lightning courses through the kobold brigand!
You kill the kobold brigand!
Your life force feels restored.
Items here: (( )))) [ †††.
Items here: )) [[ †.
Okay, then.
Items here: (( )))) [ †††.
Okay, then.
You open the door.
An ice beast and a wyvern come into view.
A gnoll bouda comes into view. It is wielding a +0 whip.
Found a metallic white potion.
There is an open door here.
The helpless wyvern fails to defend itself.
You hit the wyvern but do no damage. Lightning courses through the wyvern!
The wyvern is heavily wounded.
The wyvern closely misses you.
The wyvern bites you but does no damage.
You hit the wyvern but do no damage.
The wyvern is heavily wounded.
The wyvern closely misses you. The wyvern barely misses you.
You hit the wyvern but do no damage.
Your tail-slap misses the wyvern.
The wyvern is heavily wounded.
The wyvern misses you. The wyvern closely misses you.
You hit the wyvern.
The wyvern is heavily wounded.
The wyvern bites you!
You barely miss the wyvern.
You tail-slap the wyvern, but do no damage.
The wyvern is heavily wounded.
The wyvern bites you!
* * * LOW HITPOINT WARNING * * *
The wyvern bites you!
* * * LOW HITPOINT WARNING * * *
You barely miss the wyvern. You tail-slap the wyvern.
The wyvern is severely wounded.
The gnoll bouda shouts!
The wyvern bites you!
You die...

..##.#######.#
..##.........#
..########'###
..# ##..######
###
#.)..##..##
#....')...#
##..##)...#
+#####..##
##@# ##lY.!#
...g# #..##
+##


You could see a wyvern, an ice beast and a gnoll bouda.

Vanquished Creatures
  Pikel (D:7)
  A steam dragon (D:6)
  Menkaure (D:5)
  A black bear (D:6)
  A sky beast (D:7)
  A kobold brigand (D:7)
  A bullfrog (D:7)
  2 scorpions
  3 hounds
  An orc priest (D:7)
  2 iguanas
  3 orc wizards
  2 hound zombies (D:3)
  3 gnolls
  5 adders
  An ufetubus (D:6)
  A dart slug (D:3)
  22 orcs
  4 endoplasms
  4 giant cockroaches
  5 goblins
  5 hobgoblins
  5 quokkas
  4 ball pythons
  7 bats
  9 frilled lizards
  9 kobolds
  6 rats
110 creatures vanquished.

Notes
Turn   | Place    | Note
-------+----------+-------------------------------------------
     0 | D:5      | BlueFish the Draconian Delver began the quest for the Orb.
     0 | D:5      | Reached XP level 1. HP: 19/19 MP: 1/1
    40 | D:5      | Noticed an orc wizard
    62 | D:5      | Noticed an iguana
   581 | D:3      | Reached XP level 2. HP: 23/26 MP: 2/2
   822 | D:1      | Reached XP level 3. HP: 21/33 MP: 3/3
  1058 | D:1      | Reached skill level 4 in Fighting
  1142 | D:1      | Reached skill level 1 in Evocations
  1432 | D:2      | Reached XP level 4. HP: 32/40 MP: 4/4
  1597 | D:2      | Found a shimmering altar of Xom.
  1649 | D:2      | Found a faded altar of an unknown god.
  1969 | D:3      | Found a runed translucent gate.
  1969 | D:3      | Found a runed translucent gate.
  1969 | D:3      | Found a runed translucent gate.
  1969 | D:3      | Noticed oldplebian's ghost (weakling OpCj)
  1971 | D:3      | Found a basalt altar of Yredelemnul.
  2165 | D:3      | Reached skill level 5 in Stealth
  2273 | D:3      | Found a glowing silver altar of Zin.
  2273 | D:3      | Found a white marble altar of Elyvilon.
  2274 | D:3      | Found a glowing golden altar of the Shining One.
  2706 | D:4      | Found a staircase to the Ecumenical Temple.
  2785 | D:4      | Reached XP level 5. HP: 32/47 MP: 5/5
  3319 | D:5      | Reached skill level 5 in Fighting
  3350 | D:5      | Reached XP level 6. HP: 39/56 MP: 6/6
  3450 | D:5      | Noticed an orc warrior
  3472 | D:5      | Noticed Menkaure
  3483 | D:5      | Found a shimmering blue altar of Sif Muna.
  3866 | D:5      | Killed Menkaure
  3867 | D:5      | Found a burning altar of Makhleb.
  3919 | D:5      | Got Sif Muna's Handbook of the Grave
  4133 | D:5      | Found a bloodstained altar of Trog.
  4204 | D:6      | Noticed a steam dragon
  4276 | D:6      | Your scales start taking on a glossy black colour.
  4276 | D:6      | Reached XP level 7. HP: 48/62 MP: 7/7
  4276 | D:6      | Gained mutation: You are resistant to electric shocks.
                  | (rElec) [Black Draconian growth]
  4433 | D:6      | Reached skill level 6 in Fighting
  4743 | D:6      | Killed a steam dragon
  4744 | D:6      | Reached skill level 1 in Spellcasting
  4928 | D:6      | Found an iron altar of Okawaru.
  5077 | D:6      | Found a blossoming altar of Fedhas.
  5450 | D:7      | Noticed Pikel
  5491 | D:7      | Reached skill level 1 in Axes
  5692 | D:7      | Killed Pikel
  5693 | D:7      | Reached skill level 7 in Fighting
  5693 | D:7      | Reached XP level 8. HP: 73/73 MP: 8/11
  5826 | D:7      | Slain by a wyvern

Illustrated notes

Levels and vault maps discovered:
D:1:      heliophobic_arrival_dark_side_of_the_moon, layout_rooms,
          minmay_lizard_pond
D:2:      layout_rooms, basic_ecumenical_altar, basic_altar
D:3:      layout_basic, good_gods_temple_1, nicolae_yredelemnul_ghost_church,
          patterned_corridor
D:4:      layout_basic, minmay_temple_entry_arrows, kennysheep_boxes
D:5:      layout_basic, nzn_overflow_gifts_of_might_and_magic,
          mainiacjoe_overflow_surrounded_room, uniq_menkaure
D:6:      layout_rooms, lemuel_tele_altar, mainiacjoe_overflow_paths
D:7:      minmay_bubble_buster, layout_basic, uniq_pikel, uniq_maggie

Skill      XL: |  1  2  3  4  5  6  7 |
---------------+----------------------+-----
Dodging        | 2 3 4 |  4.1
Fighting       | 4 5 7 |  7.4
Evocations     | 1 2 3 |  3.9
Stealth        | 5 6 |  6.3
Short Blades   | 3 |  3.6
Spellcasting   | 2 |  2.2
Axes           | 2 |  2.3

Action                     |  1- 3 |  4- 6 |  7- 9 || total
---------------------------+-------+-------+-------++-------
  Melee: Short sword       |   148 |   172 |   100 ||   420
         Tailslap          |    16 |    30 |    21 ||    67
         Punch             |     1 |     2 |     1 ||     4
         Hand axe          |       |       |    67 ||    67
  Evoke: Wand              |       |     1 |       ||     1
    Use: Scroll            |       |     8 |     5 ||    13
         Potion            |       |     3 |     1 ||     4
   Stab: Sleeping          |     8 |     6 |     5 ||    19
         Distracted        |       |     1 |       ||     1
 Armour: Skin              |    39 |    54 |    42 ||   135
  Dodge: Dodged            |    97 |   100 |    98 ||   295

Table legend: (Time is in decaauts)
 A = Elapsed time spent in this place.
 B = Non-inter-level travel time spent in this place.
 C = Inter-level travel time spent in this place.
 D = Time resting spent in this place.
 E = Time spent auto-exploring this place.
 F = Levels seen in this place.
 G = Mean time per level.
                   A        B        C        D        E       F      G
               +--------+--------+--------+--------+--------+-----+--------+
         Total |   5767 |   5579 |    188 |    229 |   3626 |   7 |  823.9 |
       Dungeon |   5767 |   5579 |    188 |    229 |   3626 |   7 |  823.9 |
               +--------+--------+--------+--------+--------+-----+--------+

Top non-repeatable levels by time:
     D:4: 1454 daAuts
     D:6: 1003 daAuts
     D:5: 882 daAuts
     D:3: 820 daAuts
     D:7: 574 daAuts
     D:1: 563 daAuts
     D:2: 469 daAuts
